 Dungeon Crawl Stone Soup version 0.28-a0-1395-g4f6bc678fa (webtiles) character file.

Game seed: 15827544400906622249

1099 vineage the Fighter (level 8, -1/63 HPs)
             Began as a Gargoyle Fighter on Jan 4, 2022.
             Slain by a troll (7 damage)
             ... on level 5 of the Dungeon.
             The game lasted 00:06:31 (5794 turns).

vineage the Fighter (Gargoyle Fighter)              Turns: 5794, Time: 00:06:32

Health: -1/63      AC:  8    Str: 22    XL:     8   Next: 32%
Magic:  8/8        EV:  8    Int: 10    God:
Gold:   155        SH:  9    Dex: 11    Spells: 7/7 levels left

rFire   . . .      SeeInvis .   g - +9 whip of Ciest {holy, Str+3}
rCold   . . .      Faith    .   i - +0 kite shield
rNeg    + . .      Spirit   .   b - +0 scale mail
rPois   ∞          Reflect  .   (no helmet)
rElec   +          Harm     .   (no cloak)
rCorr   .          Rampage  .   (no gloves)
Will    +....                   (no boots)
Stlth   ..........              (no amulet)
HPRegen 0.20/turn               d - ring of willpower
MPRegen 0.11/turn               (no ring)

@: corroded
A: sickness immunity, AC +5, negative energy resistance 1, electricity
resistance, torment resistance 1, petrification resistance
a: no special abilities


You were on level 5 of the Dungeon.
You visited 1 branch of the dungeon, and saw 5 of its levels.

You collected 155 gold pieces.

Inventory:

Hand Weapons
 a - a +1 vorpal flail
 g - the +9 whip of Ciest (weapon) {holy, Str+3}
   (You took it off a hobgoblin on level 4 of the Dungeon)

   It has been blessed by the Shining One to cause great damage to the undead
   and demons.
   Str:       It affects your strength (+3).
 n - a +1 dagger of pain
Armour
 b - a +0 scale mail (worn)
 c - a +0 buckler
 i - a +0 kite shield (worn)
Jewellery
 d - a ring of willpower (left hand)
Potions
 l - a potion of cancellation


   Skills:
 - Level 13.3 Fighting
 - Level 0.8 Short Blades
 + Level 3.9 Maces & Flails
 + Level 4.9 Armour
 - Level 0.3 Dodging
 - Level 0.2 Stealth
 + Level 4.9 Shields


You had 7 spell levels left.
You didn't know any spells.
Your spell library contained the following spells:

 Spells                   Type           Power      Damage    Failure   Level
 Magic Dart               Conj           0%         1d3       98%         1
 Summon Small Mammal      Summ           0%         N/A       98%         1
 Searing Ray              Conj           0%         2d4       99%         2
 Call Canine Familiar     Summ           0%         N/A       100%        3
 Confusing Touch          Hex            0%         N/A       100%        3
 Dazzling Flash           Conj/Hex       0%         N/A       100%        3
 Summon Guardian Golem    Hex/Summ       0%         N/A       100%        3
 Fulminant Prism          Conj/Hex       0%         3d6       100%        4
 Iskenderun's Mystic Bla  Conj/Tloc      0%         2d3       100%        4
 Yara's Violent Unravell  Hex/Tmut       0%         3d3       100%        5
 Starburst                Conj/Fire      0%         6d3       100%        6
 Enfeeble                 Hex            0%         N/A       100%        7


Dungeon Overview and Level Annotations

Branches:
Dungeon (5/15)
 Temple: D:4-7

Altars:
Dithmenos
Uskayaw

Shops:
D:4 =


Innate Abilities, Weirdness & Mutations

You are immune to sickness and miasma.
Your stone body is resilient. (AC +5)
You are immune to poison.
You resist negative energy. (rN+)
You are resistant to electric shocks. (rElec)
You are resistant to unholy torment.
You are immune to petrification.


Message History

The necrophage hits you but does no damage.
You block the iguana's attack.
You hit the iguana.
The iguana is severely wounded.
You block the necrophage's attack.
The iguana bites you but does no damage.
You hit the iguana.
You kill the iguana!
The necrophage hits you.
* * * LOW HITPOINT WARNING * * *
You whack the necrophage!
The necrophage convulses!
The necrophage is severely damaged.
The necrophage hits you but does no damage.
You block the necrophage's attack.
You whack the necrophage!
The necrophage convulses.
You destroy the necrophage!
You start resting.
Your transformation is almost over.
You start resting.
You feel less wooden.
Your +0 scale mail unmelds from your body.
You start resting.
A troll is nearby!
A troll is nearby!
A troll is nearby!
Okay, then.
You aren't carrying any scrolls.
You see here an iguana corpse.
You block the troll's attack. The troll claws you. x2
* * * LOW HITPOINT WARNING * * *
The troll closely misses you. x2; The troll claws you.
* * * LOW HITPOINT WARNING * * *
The jelly quivers.
The jelly hits you.
* * * LOW HITPOINT WARNING * * *
The acid corrodes you!
You are splashed with acid.
* * * LOW HITPOINT WARNING * * *
There is a stone staircase leading down here.
The troll bites you!
You die...

#.#####.....#.#.........
#.......# ##<...).......
#######.########...#.........
#.........####....##.........
#............................
#..............#####.........
...>.......#<..# #...........
#.######...J.#####........... .
###..@................ ##
#####...T....#.##.#####.#
#.###........##.#.....####..#
#......................>#..##
#....##..........##.###...###
##....##..............#(....<#
###.$....#..........#.....###...
.....##.........(.....##..###...
#...................####..)....


You could see a troll and a jelly.

Vanquished Creatures
  3 yaks (D:4)
  2 necrophages
  A scorpion (D:4)
  A centaur zombie (D:5)
  A hound (D:4)
  4 iguanas
  A hound skeleton (D:4)
  3 gnolls (D:2)
  A howler monkey skeleton (D:4)
  6 adders
  An adder skeleton (D:4)
  A worm (D:2)
  5 dart slugs
  2 orcs (D:4)
  7 ball pythons
  4 endoplasms
  A giant cockroach (D:1)
  6 goblins
  4 hobgoblins
  4 jackals
  4 quokkas
  4 bats
  A kobold (D:4)
  2 rats
69 creatures vanquished.

Notes
Turn   | Place    | Note
-------+----------+-------------------------------------------
     0 | D:1      | vineage the Gargoyle Fighter began the quest for the Orb.
     0 | D:1      | Reached XP level 1. HP: 14/14 MP: 1/1
   126 | D:1      | Reached XP level 2. HP: 17/20 MP: 2/2
   132 | D:1      | Reached skill level 4 in Fighting
   249 | D:1      | Found a faded altar of an unknown god.
  1071 | D:2      | Reached XP level 3. HP: 24/24 MP: 3/3
  1373 | D:2      | Reached skill level 5 in Fighting
  2070 | D:3      | Reached XP level 4. HP: 23/31 MP: 4/4
  3653 | D:3      | Reached skill level 13 in Fighting
  3653 | D:3      | Reached XP level 5. HP: 47/47 MP: 5/5
  3709 | D:4      | Reached XP level 6. HP: 47/52 MP: 6/6
  3920 | D:4      | Found Ygudd's Jewellery Boutique.
  3937 | D:4      | Found a shadowy altar of Dithmenos.
  4309 | D:4      | Identified the +9 whip of Ciest {holy, Str+3}
  4368 | D:4      | Found a hide-covered altar of Uskayaw.
  4617 | D:5      | Entered Level 5 of the Dungeon
  4617 | D:5      | Noticed a yak
  4617 | D:5      | Noticed a yak
  4618 | D:5      | Noticed a necrophage
  4618 | D:5      | Noticed a yak
  4619 | D:5      | Noticed a yak
  4636 | D:5      | Reached XP level 7. HP: 57/57 MP: 7/7
  4653 | D:5      | Noticed a yak
  4653 | D:5      | Noticed a yak
  4669 | D:4      | Killed a yak
  5089 | D:4      | Killed a yak
  5388 | D:4      | Killed a yak
  5389 | D:4      | Reached XP level 8. HP: 20/63 MP: 8/8
  5644 | D:5      | Noticed a troll
  5655 | D:5      | HP: 2/63 [troll (7)]
  5663 | D:5      | HP: 4/94 [necrophage (2)]
  5794 | D:5      | Slain by a troll

Illustrated notes

Levels and vault maps discovered:
D:1:      lemuel_arrival_rhombus, layout_basic,
          dilly_ecumenical_altar_fadedgnrine, roderic_filled_cross
D:2:      layout_basic
D:3:      layout_loops_cross
D:4:      layout_loops_corners, mainiacjoe_overflow_boulevard,
          nicolae_uskayaw_suspiria, minmay_shop_enchanted_jewellery
D:5:      layout_rooms, grunt_gozag_breadcrumbs, kennysheep_opposing_triangles

Skill      XL: |  1  2  3  4  5  6  7 |
---------------+----------------------+-----
Fighting       | 4 5 13 | 13.3
Armour         | 4 |  4.9
Shields        | 4 |  4.9
Maces & Flails | 3 |  3.9
Short Blades   | |  0.8
Dodging        | |  0.3
Stealth        | |  0.2

Action                   |  1- 3 |  4- 6 |  7- 9 || total
-------------------------+-------+-------+-------++-------
Melee: Flail             |   101 |    41 |       ||   142
       Dagger            |       |    96 |       ||    96
       Whip              |       |    16 |    50 ||    66
  Use: Scroll            |       |     8 |     2 ||    10
       Potion            |       |     3 |     4 ||     7
Armor: Scale mail        |    32 |    97 |    17 ||   146
       Skin              |       |       |     7 ||     7
Dodge: Dodged            |    48 |    94 |    19 ||   161
Block: Buckler           |    23 |    24 |       ||    47
       Kite shield       |       |     8 |    28 ||    36

Table legend: (Time is in decaauts)
 A = Elapsed time spent in this place.
 B = Non-inter-level travel time spent in this place.
 C = Inter-level travel time spent in this place.
 D = Time resting spent in this place.
 E = Time spent auto-exploring this place.
 F = Levels seen in this place.
 G = Mean time per level.
                   A        B        C        D        E       F      G
               +--------+--------+--------+--------+--------+-----+--------+
         Total |   5857 |   5581 |    276 |   1582 |   3239 |   5 | 1171.4 |
       Dungeon |   5857 |   5581 |    276 |   1582 |   3239 |   5 | 1171.4 |
               +--------+--------+--------+--------+--------+-----+--------+

Top non-repeatable levels by time:
     D:4: 1884 daAuts
     D:2: 1826 daAuts
     D:1: 948 daAuts
     D:3: 939 daAuts
     D:5: 258 daAuts
